PAA
ATHLETIC CLUB KC ACADEMY @ SPRINGFIELD SHOOTERS
05/17/2020
 
TOP OF THE 1ST
Athletic Club KC Academy batting - Pitching for Springfield Shooters : RHP Kuemon Hirata
Pitching: RHP Kuemon Hirata
Batting: RHB Bob Curry 0-0: Called Strike
0-1: Ball
1-1: Ball
2-1: Foul Ball, location: 2F
2-2: Ball
3-2: Base on Balls
Batting: LHB Greg Robinson 0-0: DOUBLE (Line Drive, 7LM)
Bob Curry to third
Batting: LHB Thatcher Douglas 0-0: 3-RUN HOME RUN (Flyball, 9D), Distance : 353 ft
Batting: SHB Evan Adams 0-0: Foul Ball, location: 2F
0-1: Swinging Strike
0-2: Ball
1-2: Strikes out swinging
Batting: LHB Matt Hartnett 0-0: Swinging Strike
0-1: Ball
1-1: Fly out, F6 (Popup, 6M)
Batting: RHB Glenn Woods 0-0: Called Strike
0-1: Foul Ball, location: 2F
0-2: Ball
1-2: Strikes out swinging
Top of the 1st over - 3 run(s), 2 hit(s), 0 error(s), 0 left on base; Athletic Club KC Academy 3 - Springfield 0
BOTTOM OF THE 1ST
Springfield Shooters batting - Pitching for Athletic Club KC Academy : RHP Jason Hamilton
Pitching: RHP Jason Hamilton
Batting: RHB Tom Potts 0-0: Called Strike
0-1: Ball
1-1: Called Strike
1-2: Ball
2-2: Ball
3-2: Ground out 6-3 (Groundball, 6)
Batting: RHB Jake Hutchinson 0-0: Fly out, F3 (Popup, 3F)
Batting: LHB Pancho Ruíz 0-0: Called Strike
0-1: Ball
1-1: Ground out 4-3 (Groundball, 4)
Bottom of the 1st over - 0 run(s), 0 hit(s), 0 error(s), 0 left on base; Athletic Club KC Academy 3 - Springfield 0
TOP OF THE 2ND
Athletic Club KC Academy batting - Pitching for Springfield Shooters : RHP Kuemon Hirata
Batting: RHB Máximo Padilla 0-0: Ball
1-0: Swinging Strike
1-1: Called Strike
1-2: Ball
2-2: Ball
3-2: Strikes out swinging, 2-3 out at first.
Batting: SHB Don Holmes 0-0: Ball
1-0: Ball
2-0: Ball
3-0: Base on Balls
Batting: RHB Jorge Rodríguez 0-0: Ball
1-0: Called Strike
1-1: Ball
2-1: Foul Ball, location: 2F
2-2: Foul Ball, location: 2F
2-2: Ball
Passed Ball!
Don Holmes to second
3-2: Strikes out looking
Batting: RHB Bob Curry 0-0: Ball
1-0: Foul Ball, location: 2F
1-1: Foul Ball, location: 2F
1-2: Ball
2-2: Foul Ball, location: 2F
2-2: Foul Ball, location: 2F
2-2: Foul Ball, location: 2F
2-2: Ball
3-2: Base on Balls
Batting: LHB Greg Robinson 0-0: Foul Ball, location: 2F
0-1: Ball
1-1: Foul Ball, location: 2F
1-2: Ball
2-2: SINGLE (Line Drive, 9S)
Don Holmes to third
Bob Curry to second
Runner from 3rd tries for Home, SAFE, no throw or cutoff
Batting: LHB Thatcher Douglas 0-0: Ball
1-0: Ball
2-0: Called Strike
2-1: SINGLE (Line Drive, 7M)
Bob Curry to third
Greg Robinson to second
Runner from 3rd tries for Home, SAFE, no throw or cutoff
Batting: SHB Evan Adams 0-0: Swinging Strike
0-1: Foul Ball, location: 2F
0-2: Ball
1-2: Foul Ball, location: 2F
1-2: Ball
2-2: Foul Ball, location: 2F
2-2: SINGLE (Line Drive, 89S)
Greg Robinson to third
Thatcher Douglas to second
Runner from 3rd tries for Home, SAFE, no throw or cutoff
Batting: LHB Matt Hartnett 0-0: Called Strike
0-1: Ball
1-1: Swinging Strike
1-2: Strikes out swinging
Top of the 2nd over - 3 run(s), 3 hit(s), 0 error(s), 2 left on base; Athletic Club KC Academy 6 - Springfield 0
BOTTOM OF THE 2ND
Springfield Shooters batting - Pitching for Athletic Club KC Academy : RHP Jason Hamilton
Batting: RHB Randy Galloway 0-0: Ball
1-0: Ball
2-0: Called Strike
2-1: SINGLE (Groundball, 56D)
Batting: SHB Adrián Pueblo 0-0: Swinging Strike
0-1: Ball
1-1: Ball
2-1: Ball
3-1: Base on Balls
Randy Galloway to second
Batting: RHB Jim Unknown 0-0: Called Strike
0-1: Ball
1-1: Called Strike
1-2: Strikes out swinging
Batting: LHB Jim Unknown 0-0: DOUBLE (Line Drive, 7LM)
Randy Galloway scores
Adrián Pueblo to third
Batting: RHB Jim Unknown 0-0: Ground out 5-3 (Groundball, 5)
Batting: RHB Jim Unknown 0-0: Ball
1-0: Ball
2-0: Ball
3-0: Foul Ball, location: 2F
3-1: Foul Ball, location: 2F
3-2: Base on Balls
Batting: RHB Tom Potts 0-0: Swinging Strike
0-1: Ball
1-1: Hit by Pitch
Adrián Pueblo scores
Jim Unknown to third
Jim Unknown to second
Batting: RHB Jake Hutchinson 0-0: Ball
1-0: Foul Ball, location: 2F
1-1: Called Strike
1-2: DOUBLE (Line Drive, 7LD)
Jim Unknown scores
Jim Unknown scores
Tom Potts to third
Runner from 3rd tries for Home, SAFE, no throw or cutoff
Batting: LHB Pancho Ruíz 0-0: Ball
1-0: Ball
2-0: Fly out, F8 (Line Drive, 8RM)
Bottom of the 2nd over - 5 run(s), 3 hit(s), 0 error(s), 1 left on base; Athletic Club KC Academy 6 - Springfield 5
TOP OF THE 3RD
Athletic Club KC Academy batting - Pitching for Springfield Shooters : RHP Kuemon Hirata
Batting: RHB Glenn Woods 0-0: Swinging Strike
0-1: Foul Ball, location: 2F
0-2: Strikes out looking
Batting: RHB Máximo Padilla 0-0: Ball
1-0: Called Strike
1-1: Called Strike
1-2: Ball
2-2: Foul Ball, location: 2F
2-2: DOUBLE (Line Drive, 78M)
Batting: SHB Don Holmes 0-0: Ball
1-0: Ball
2-0: Foul Ball, location: 2F
2-1: Foul Ball, location: 2F
2-2: Ball
Wild Pitch!
Máximo Padilla to third
3-2: SINGLE (Line Drive, 4MD)
Máximo Padilla scores
Batting: RHB Jorge Rodríguez 0-0: Called Strike
Don Holmes steals 2nd base
0-1: Ball
1-1: Called Strike
1-2: Strikes out swinging
Batting: RHB Bob Curry 0-0: Called Strike
0-1: SINGLE (Line Drive, 9LS)
Don Holmes to third
Batting: LHB Greg Robinson 0-0: Ball
1-0: Ball
2-0: Ball
3-0: Called Strike
3-1: Called Strike
3-2: Foul Ball, location: 2F
3-2: Fly out, F9 (Flyball, 9D)
Top of the 3rd over - 1 run(s), 3 hit(s), 0 error(s), 2 left on base; Athletic Club KC Academy 7 - Springfield 5
BOTTOM OF THE 3RD
Springfield Shooters batting - Pitching for Athletic Club KC Academy : RHP Jason Hamilton
Batting: RHB Randy Galloway 0-0: Called Strike
0-1: Ball
1-1: Ball
2-1: Foul Ball, location: 2F
2-2: Fly out, F7 (Line Drive, 7M)
Batting: SHB Adrián Pueblo 0-0: Fly out, F8 (Flyball, 8LM)
Batting: RHB Jim Unknown 0-0: Called Strike
0-1: Fly out, F4 (Popup, 4MD)
Bottom of the 3rd over - 0 run(s), 0 hit(s), 0 error(s), 0 left on base; Athletic Club KC Academy 7 - Springfield 5
TOP OF THE 4TH
Athletic Club KC Academy batting - Pitching for Springfield Shooters : RHP Kuemon Hirata
Batting: LHB Thatcher Douglas 0-0: Ground out 5-3 (Groundball, 5S)
Batting: SHB Evan Adams 0-0: Called Strike
0-1: Ball
1-1: Ball
2-1: Foul Ball, location: 2F
2-2: Strikes out swinging
Batting: LHB Matt Hartnett 0-0: Swinging Strike
0-1: Called Strike
0-2: SINGLE (Line Drive, 4MD)
Pitching: RHP Jim Unknown
Batting: RHB Glenn Woods 0-0: Ball
1-0: Ball
2-0: Called Strike
2-1: Swinging Strike
2-2: Fly out, F3 (Popup, 34S)
Top of the 4th over - 0 run(s), 1 hit(s), 0 error(s), 1 left on base; Athletic Club KC Academy 7 - Springfield 5
BOTTOM OF THE 4TH
Springfield Shooters batting - Pitching for Athletic Club KC Academy : RHP Jason Hamilton
Batting: LHB Jim Unknown 0-0: Foul Ball, location: 2F
0-1: Ball
1-1: Ball
2-1: SOLO HOME RUN (Flyball, 89XD), Distance : 396 ft
Batting: RHB Jim Unknown 0-0: Called Strike
0-1: Ball
1-1: SINGLE (Groundball, 6M)
Batting: RHB Jim Unknown 0-0: 2-RUN HOME RUN (Flyball, 7D), Distance : 383 ft
Pitching: RHP Harrison Teague
Batting: RHB Tom Potts 0-0: Ball
1-0: Called Strike
1-1: Ball
2-1: Swinging Strike
2-2: Foul Ball, location: 2F
2-2: Ball
3-2: Foul Ball, location: 2F
3-2: Foul Ball, location: 2F
3-2: Base on Balls
Batting: RHB Jake Hutchinson 0-0: Ball
1-0: Foul Ball, location: 2F
1-1: SINGLE (Groundball, 4MD)
Tom Potts to second
Batting: LHB Pancho Ruíz 0-0: Ball
1-0: Foul Ball, location: 2F
1-1: Called Strike
1-2: Strikes out swinging
Batting: RHB Randy Galloway 0-0: Called Strike
Tom Potts steals 3rd base
Jake Hutchinson to second
0-1: Fly out, F9 (Popup, 4D)
Batting: SHB Adrián Pueblo 0-0: Fly out, F7 (Popup, 56D)
Bottom of the 4th over - 3 run(s), 4 hit(s), 0 error(s), 2 left on base; Athletic Club KC Academy 7 - Springfield 8
TOP OF THE 5TH
Athletic Club KC Academy batting - Pitching for Springfield Shooters : RHP Jim Unknown
Batting: RHB Máximo Padilla 0-0: Called Strike
0-1: Foul Ball, location: 2F
0-2: Ball
1-2: Fly out, F7 (Flyball, 7D)
Batting: SHB Don Holmes 0-0: Fly out, F8 (Flyball, 8LM)
Batting: RHB Jorge Rodríguez 0-0: Called Strike
0-1: Foul Ball, location: 2F
0-2: Ball
1-2: Strikes out swinging
Top of the 5th over - 0 run(s), 0 hit(s), 0 error(s), 0 left on base; Athletic Club KC Academy 7 - Springfield 8
BOTTOM OF THE 5TH
Springfield Shooters batting - Pitching for Athletic Club KC Academy : RHP Harrison Teague
Batting: RHB Jim Unknown 0-0: Called Strike
0-1: Foul Ball, location: 2F
0-2: Foul Ball, location: 2F
0-2: Ball
1-2: Ball
2-2: Foul Ball, location: 2F
2-2: Foul Ball, location: 2F
2-2: Strikes out swinging
Batting: LHB Jim Unknown 0-0: Called Strike
0-1: Ball
1-1: Ball
2-1: Ground out 6-3 (Groundball, 6M)
Batting: RHB Jim Unknown 0-0: Called Strike
0-1: Foul Ball, location: 2F
0-2: Ball
1-2: Ball
2-2: Ball
3-2: Strikes out looking
Bottom of the 5th over - 0 run(s), 0 hit(s), 0 error(s), 0 left on base; Athletic Club KC Academy 7 - Springfield 8
TOP OF THE 6TH
Athletic Club KC Academy batting - Pitching for Springfield Shooters : RHP Jim Unknown
Batting: RHB Bob Curry 0-0: Ball
1-0: Called Strike
1-1: Fly out, F9 (Flyball, 89M)
Batting: LHB Greg Robinson 0-0: Called Strike
0-1: Ball
1-1: Foul Ball, location: 2F
1-2: Ball
2-2: Strikes out swinging
Batting: LHB Thatcher Douglas 0-0: Ball
1-0: Swinging Strike
1-1: SINGLE (Line Drive, 4MD)
Batting: SHB Evan Adams 0-0: Called Strike
0-1: Ball
1-1: Ball
2-1: Called Strike
2-2: Foul Ball, location: 2F
2-2: Foul Ball, location: 2F
2-2: Foul Ball, location: 2F
2-2: Ball
3-2: Ground out 4-3 (Groundball, 4)
Top of the 6th over - 0 run(s), 1 hit(s), 0 error(s), 1 left on base; Athletic Club KC Academy 7 - Springfield 8
BOTTOM OF THE 6TH
Springfield Shooters batting - Pitching for Athletic Club KC Academy : RHP Harrison Teague
Batting: RHB Jim Unknown 0-0: Called Strike
0-1: Called Strike
0-2: Strikes out looking
Batting: RHB Tom Potts 0-0: SINGLE (Popup, 8RS)
Batting: RHB Jake Hutchinson 0-0: Ball
1-0: Called Strike
1-1: Grounds into double play, 6-4-3 (Groundball, 6)
Bottom of the 6th over - 0 run(s), 1 hit(s), 0 error(s), 0 left on base; Athletic Club KC Academy 7 - Springfield 8
TOP OF THE 7TH
Athletic Club KC Academy batting - Pitching for Springfield Shooters : RHP Jim Unknown
Pitching: RHP Jim Unknown
Batting: LHB Matt Hartnett 0-0: Ground out 6-3 (Groundball, 6M)
Batting: RHB Glenn Woods 0-0: Ball
1-0: Ball
2-0: SINGLE (Line Drive, 4MD)
Batting: RHB Máximo Padilla 0-0: Ball
1-0: Fly out, F7 (Line Drive, 7M)
Batting: SHB Don Holmes 0-0: Called Strike
Glenn Woods is caught stealing 2nd base
Top of the 7th over - 0 run(s), 1 hit(s), 0 error(s), 0 left on base; Athletic Club KC Academy 7 - Springfield 8
BOTTOM OF THE 7TH
Springfield Shooters batting - Pitching for Athletic Club KC Academy : RHP Harrison Teague
Pitching: LHP Tomás Torres
Batting: LHB Pancho Ruíz 0-0: Swinging Strike
0-1: Foul Ball, location: 2F
0-2: SINGLE (Line Drive, 34D)
Batting: RHB Randy Galloway 0-0: Foul Ball, location: 2F
0-1: SINGLE (Line Drive, 4D)
Pancho Ruíz to second
Batting: SHB Adrián Pueblo 0-0: Called Strike
0-1: Ball
1-1: Grounds into double play, 6-4-3 (Groundball, 6)
Pancho Ruíz to third
Pinch Hitting: RHB Jim Unknown 0-0: Called Strike
0-1: Ball
1-1: Called Strike
1-2: Foul Ball, location: 2F
1-2: Ball
2-2: Ball
3-2: Base on Balls
Pinch Hitting: RHB Jim Unknown 0-0: Swinging Strike
0-1: Swinging Strike
0-2: Ball
1-2: Foul Ball, location: 2F
1-2: Fly out, F9 (Flyball, 9LM)
Bottom of the 7th over - 0 run(s), 2 hit(s), 0 error(s), 2 left on base; Athletic Club KC Academy 7 - Springfield 8
TOP OF THE 8TH
Athletic Club KC Academy batting - Pitching for Springfield Shooters : RHP Jim Unknown
Pitching: LHP Jim Unknown
Now at 2B: Jim Unknown
Now at 3B: Jim Unknown
Batting: SHB Don Holmes 0-0: Called Strike
0-1: Called Strike
0-2: Strikes out swinging
Pitching: RHP Jim Unknown
Batting: RHB Jorge Rodríguez 0-0: Ball
1-0: Ball
2-0: SINGLE (Groundball, 34D)
Pinch Hitting: LHB Jim Unknown 0-0: Foul Ball, location: 2F
0-1: SINGLE (Groundball, 34D)
Jorge Rodríguez to second
Runner from 2nd tries for 3rd, OUT!
Jim Unknown to second
Batting: LHB Greg Robinson 0-0: Called Strike
0-1: Ball
1-1: Swinging Strike
1-2: Ball
2-2: Strikes out swinging
Top of the 8th over - 0 run(s), 2 hit(s), 0 error(s), 1 left on base; Athletic Club KC Academy 7 - Springfield 8
BOTTOM OF THE 8TH
Springfield Shooters batting - Pitching for Athletic Club KC Academy : LHP Tomás Torres
Now at 1B: Jim Unknown
Batting: RHB Jim Unknown 0-0: Called Strike
0-1: Swinging Strike
0-2: Ball
1-2: Ground out 4-3 (Groundball, 4M)
Batting: RHB Jim Unknown 0-0: Ball
1-0: Ball
2-0: Ball
3-0: Base on Balls
Batting: RHB Tom Potts 0-0: Called Strike
0-1: Ball
1-1: SINGLE (Line Drive, 7S)
Jim Unknown to second
Batting: RHB Jake Hutchinson 0-0: Ball
1-0: Ball
2-0: Ball
3-0: Base on Balls
Jim Unknown to third
Tom Potts to second
Batting: LHB Pancho Ruíz 0-0: Called Strike
0-1: Ball
1-1: Ball
2-1: Foul Ball, location: 2F
2-2: Ball
3-2: Foul Ball, location: 2F
3-2: Base on Balls
Jim Unknown scores
Tom Potts to third
Jake Hutchinson to second
Batting: RHB Randy Galloway 0-0: Ball
1-0: Called Strike
1-1: Foul Ball, location: 2F
1-2: Ball
2-2: Strikes out swinging
Batting: SHB Adrián Pueblo 0-0: Foul Ball, location: 2F
0-1: Ball
1-1: Called Strike
1-2: Ball
2-2: Foul Ball, location: 2F
2-2: Ball
3-2: Base on Balls
Tom Potts scores
Jake Hutchinson to third
Pancho Ruíz to second
Pitching: RHP Alfredo Ríos
Batting: LHB Jim Unknown 0-0: Ball
1-0: Ball
2-0: Ball
3-0: Called Strike
3-1: Called Strike
3-2: Foul Ball, location: 2F
3-2: Base on Balls
Jake Hutchinson scores
Pancho Ruíz to third
Adrián Pueblo to second
Batting: RHB Jim Unknown 0-0: Ball
1-0: Ball
2-0: Ball
3-0: Called Strike
3-1: Foul Ball, location: 2F
3-2: Base on Balls
Pancho Ruíz scores
Adrián Pueblo to third
Jim Unknown to second
Batting: RHB Jim Unknown 0-0: Ball
1-0: SINGLE (Line Drive, 78S)
Adrián Pueblo scores
Jim Unknown to third
Jim Unknown to second
Runner from 3rd tries for Home, SAFE, no throw or cutoff
Batting: RHB Jim Unknown 0-0: Ball
1-0: Ground out 1-3 (Groundball, 15S)
Bottom of the 8th over - 6 run(s), 2 hit(s), 0 error(s), 2 left on base; Athletic Club KC Academy 7 - Springfield 14
TOP OF THE 9TH
Athletic Club KC Academy batting - Pitching for Springfield Shooters : RHP Jim Unknown
Batting: LHB Thatcher Douglas 0-0: Ball
1-0: DOUBLE (Line Drive, 9LD)
Batting: SHB Evan Adams 0-0: Called Strike
0-1: Foul Ball, location: 2F
0-2: Strikes out swinging
Batting: LHB Matt Hartnett 0-0: Ball
1-0: Ball
2-0: Ground out U3 (Groundball, 3)
Thatcher Douglas to third
Batting: RHB Glenn Woods 0-0: Ball
1-0: Ball
2-0: Ball
3-0: Base on Balls
Batting: RHB Máximo Padilla 0-0: Ball
1-0: Ball
2-0: Ball
3-0: Called Strike
3-1: Base on Balls
Glenn Woods to second
Batting: SHB Don Holmes 0-0: Ball
1-0: Ball
2-0: Ball
3-0: Called Strike
3-1: Base on Balls
Thatcher Douglas scores
Glenn Woods to third
Máximo Padilla to second
Batting: RHB Jorge Rodríguez 0-0: Hit by Pitch
Glenn Woods scores
Máximo Padilla to third
Don Holmes to second
Pitching: RHP Jim Unknown
Batting: LHB Jim Unknown 0-0: Swinging Strike
0-1: Called Strike
0-2: Foul Ball, location: 2F
0-2: Fly out, F9 (Flyball, 9LM)
Top of the 9th over - 2 run(s), 1 hit(s), 0 error(s), 3 left on base; Athletic Club KC Academy 9 - Springfield 14
This league is powered by Out of the Park Baseball, the baseball management simulation game for PC, Mac and Linux
Friday, October 23rd, 2015 - OOTP Baseball 16.9 Build 39